[ PARTIDA AOE2 · #471370444 ]
UnrankedFrancos vs Franks
[ ANÁLISIS DE REPETICIÓN · EXTRAÍDO DE LA PARTIDA GRABADA ]
Feudal
13:45
Castillos
24:29
Imperial
35:38
| APM promedio | 8.3 |
| APM pico | 25 |
| eAPM promedio | 6.2 |
| Aldeanos / militares | 58 / 153 |
Foco
⚔️ 36.4% · 🌾 63.6%
Knight ×149 · Trade Cart ×7 · Trebuchet (Packed) ×3 · Monk ×1
Feudal
10:41
Castillos
28:37
Imperial
38:37
| APM promedio | 22.1 |
| APM pico | 75 |
| eAPM promedio | 11.3 |
| Aldeanos / militares | 135 / 459 |
Foco
⚔️ 32.5% · 🌾 67.5%
Militia ×241 · Skirmisher ×118 · Spearman ×90 · Berserk ×9 · Trade Cart ×3 · Monk ×1
Feudal
12:07
Castillos
23:38
Imperial
40:26
| APM promedio | 17.9 |
| APM pico | 77 |
| eAPM promedio | 13.8 |
| Aldeanos / militares | 91 / 320 |
Foco
⚔️ 57.2% · 🌾 42.8%
Spearman ×142 · Skirmisher ×119 · Knight ×46 · Trebuchet (Packed) ×12 · Trade Cart ×10 · Monk ×1
Feudal
12:14
Castillos
38:02
Imperial
—
| APM promedio | 9.3 |
| APM pico | 25 |
| eAPM promedio | 8.3 |
| Aldeanos / militares | 152 / 275 |
Foco
⚔️ 31.1% · 🌾 68.9%
Scout Cavalry ×160 · Battering Ram ×73 · Steppe Lancer ×16 · Camel Scout ×15 · Knight ×11
Feudal
—
Castillos
—
Imperial
—
| APM promedio | 29.9 |
| APM pico | 146 |
| eAPM promedio | 28.1 |
| Aldeanos / militares | 98 / 52 |
Foco
⚔️ 8.7% · 🌾 91.3%
Keshik ×46 · Trade Cart ×17 · Archer ×4 · Cavalry Archer ×2
Feudal
13:16
Castillos
22:52
Imperial
34:47
| APM promedio | 7.6 |
| APM pico | 23 |
| eAPM promedio | 7.0 |
| Aldeanos / militares | 183 / 134 |
Foco
⚔️ 25.8% · 🌾 74.2%
Battle Elephant ×61 · Rattan Archer ×20 · Knight ×18 · Scorpion ×15 · Scout Cavalry ×15 · Trebuchet (Packed) ×5
Feudal
13:41
Castillos
19:53
Imperial
32:34
| APM promedio | 11.8 |
| APM pico | 19 |
| eAPM promedio | 8.7 |
| Aldeanos / militares | 67 / 299 |
Foco
⚔️ 35.8% · 🌾 64.2%
Scout Cavalry ×200 · Konnik ×73 · Spearman ×22 · Fishing Ship ×6 · Monk ×2 · Trebuchet (Packed) ×2
Feudal
—
Castillos
—
Imperial
—
| APM promedio | 20.9 |
| APM pico | 76 |
| eAPM promedio | 16.4 |
| Aldeanos / militares | 222 / 206 |
Foco
⚔️ 37.1% · 🌾 62.9%
Scorpion ×80 · Scout Cavalry ×76 · Cavalry Archer ×18 · Trade Cart ×14 · Steppe Lancer ×13 · Mangonel ×10
Mapa de la partida
Recursos iniciales + cada clic de construcción. Líneas = muros · curvas = relieve. ◆ oro · ⬟ piedra · ● bayas · ✦ reliquia · ◌ hueco del cierre
Inputs por minuto
— bctowle - - vinnokiller
Build order — bctowle
Primeras 150 de 231 acciones detectadas
| 0:15 | Crear | Villager (Male) |
| 0:15 | Crear | Villager (Male) |
| 0:15 | Crear | Villager (Male) |
| 0:25 | Construir | House |
| 0:26 | Construir | House |
| 0:46 | Crear | Villager (Male) |
| 0:46 | Crear | Villager (Male) |
| 0:46 | Crear | Villager (Male) |
| 1:58 | Construir | Lumber Camp |
| 2:05 | Crear | Villager (Male) |
| 2:05 | Crear | Villager (Male) |
| 2:30 | Crear | Villager (Male) |
| 3:01 | Crear | Villager (Male) |
| 3:45 | Construir | House |
| 3:48 | Construir | House |
| 4:03 | Crear | Villager (Male) |
| 4:23 | Crear | Villager (Male) |
| 5:37 | Crear | Villager (Male) |
| 6:04 | Crear | Villager (Male) |
| 6:05 | Crear | Villager (Male) |
| 6:05 | Crear | Villager (Male) |
| 6:26 | Construir | Palisade Wall |
| 6:38 | Construir | Palisade Wall |
| 6:49 | Construir | Palisade Wall |
| 7:21 | Crear | Villager (Male) |
| 7:22 | Crear | Villager (Male) |
| 7:22 | Crear | Villager (Male) |
| 7:22 | Crear | Villager (Male) |
| 7:22 | Crear | Villager (Male) |
| 9:20 | Construir | Barracks |
| 10:25 | Construir | Mill |
| 11:35 | Investigar | Feudal Age |
| 12:00 | Construir | Mining Camp |
| 12:11 | Construir | Mining Camp |
| 13:10 | Construir | Mining Camp |
| 13:34 | Construir | Mining Camp |
| 13:45 | Edad | Edad Feudal |
| 14:03 | Construir | Farm |
| 14:06 | Construir | Farm |
| 14:09 | Construir | Farm |
| 14:10 | Construir | Farm |
| 14:12 | Construir | Farm |
| 14:18 | Crear | Villager (Male) |
| 14:19 | Crear | Villager (Male) |
| 14:19 | Crear | Villager (Male) |
| 14:19 | Crear | Villager (Male) |
| 14:19 | Crear | Villager (Male) |
| 14:20 | Crear | Villager (Male) |
| 14:20 | Crear | Villager (Male) |
| 15:40 | Investigar | Gold Mining |
| 16:03 | Construir | Farm |
| 16:13 | Construir | Farm |
| 16:16 | Crear | Villager (Male) |
| 16:52 | Investigar | Double-Bit Axe |
| 17:35 | Crear | Villager (Male) |
| 17:35 | Crear | Villager (Male) |
| 17:36 | Crear | Villager (Male) |
| 17:36 | Crear | Villager (Male) |
| 18:13 | Construir | Farm |
| 18:25 | Construir | House |
| 18:27 | Construir | House |
| 18:28 | Construir | House |
| 18:30 | Construir | House |
| 18:59 | Construir | Stable |
| 19:43 | Construir | Blacksmith |
| 20:09 | Construir | Farm |
| 20:16 | Construir | Farm |
| 20:38 | Construir | House |
| 20:40 | Construir | House |
| 20:41 | Construir | House |
| 20:42 | Construir | House |
| 20:44 | Construir | House |
| 21:49 | Investigar | Castle Age |
| 22:36 | Construir | Market |
| 23:43 | Construir | Farm |
| 24:29 | Edad | Edad de los Castillos |
| 24:43 | Crear | Villager (Male) |
| 24:43 | Crear | Villager (Male) |
| 24:44 | Crear | Villager (Male) |
| 24:44 | Crear | Villager (Male) |
| 25:03 | Investigar | Gold Shaft Mining |
| 25:06 | Investigar | Bow Saw |
| 25:28 | Construir | Castle |
| 25:36 | Investigar | Wheelbarrow |
| 26:03 | Construir | Farm |
| 26:49 | Investigar | Scale Barding Armor |
| 27:09 | Crear | Villager (Male) |
| 27:10 | Crear | Villager (Male) |
| 27:10 | Crear | Villager (Male) |
| 27:10 | Crear | Villager (Male) |
| 27:11 | Crear | Villager (Male) |
| 27:44 | Crear | Trade Cart |
| 27:44 | Crear | Trade Cart |
| 27:44 | Crear | Trade Cart |
| 27:44 | Crear | Trade Cart |
| 28:15 | Construir | Stone Wall |
| 28:23 | Construir | Stone Wall |
| 28:31 | Construir | Stone Wall |
| 28:42 | Construir | Farm |
| 28:50 | Construir | Farm |
| 29:15 | Crear | Knight |
| 29:16 | Crear | Knight |
| 29:16 | Crear | Knight |
| 29:16 | Crear | Knight |
| 29:16 | Crear | Knight |
| 29:17 | Crear | Knight |
| 29:17 | Crear | Knight |
| 29:23 | Crear | Villager (Male) |
| 29:23 | Crear | Villager (Male) |
| 29:24 | Crear | Villager (Male) |
| 29:36 | Construir | Farm |
| 30:35 | Construir | Stone Wall |
| 31:09 | Construir | Farm |
| 31:19 | Construir | Farm |
| 31:25 | Investigar | Hand Cart |
| 32:28 | Investigar | Imperial Age |
| 33:03 | Construir | Stone Wall |
| 35:17 | Construir | Stone Wall |
| 35:38 | Edad | Edad Imperial |
| 35:42 | Construir | Castle |
| 35:50 | Investigar | Cavalier (upgrade) |
| 36:03 | Construir | Stable |
| 36:04 | Construir | Stable |
| 36:22 | Investigar | Chain Barding Armor |
| 36:34 | Crear | Trade Cart |
| 36:34 | Crear | Trade Cart |
| 36:35 | Crear | Trade Cart |
| 36:40 | Crear | Villager (Male) |
| 36:41 | Crear | Villager (Male) |
| 36:41 | Crear | Villager (Male) |
| 36:42 | Crear | Villager (Male) |
| 37:10 | Construir | Monastery |
| 37:24 | Construir | Farm |
| 37:34 | Construir | Mining Camp |
| 37:46 | Construir | Farm |
| 38:01 | Construir | Farm |
| 38:46 | Investigar | Paladin (upgrade) |
| 38:57 | Construir | Farm |
| 39:39 | Crear | Villager (Male) |
| 39:39 | Crear | Villager (Male) |
| 39:44 | Crear | Villager (Male) |
| 40:14 | Construir | Castle |
| 40:31 | Crear | Knight |
| 40:31 | Crear | Knight |
| 40:31 | Crear | Knight |
| 40:32 | Crear | Knight |
| 40:35 | Crear | Knight |
| 40:35 | Crear | Knight |
| 40:35 | Crear | Knight |
| 40:35 | Crear | Knight |
Build order — vinnokiller
Primeras 150 de 428 acciones detectadas
| 0:01 | Crear | Villager (Male) |
| 0:02 | Crear | Villager (Male) |
| 0:02 | Crear | Villager (Male) |
| 0:02 | Crear | Villager (Male) |
| 0:02 | Crear | Villager (Male) |
| 0:04 | Construir | House |
| 0:06 | Construir | House |
| 1:27 | Crear | Villager (Male) |
| 1:54 | Construir | Lumber Camp |
| 2:07 | Crear | Villager (Male) |
| 2:07 | Crear | Villager (Male) |
| 2:35 | Crear | Villager (Male) |
| 2:35 | Crear | Villager (Male) |
| 2:40 | Construir | House |
| 3:01 | Crear | Villager (Male) |
| 3:20 | Crear | Villager (Male) |
| 3:45 | Crear | Villager (Male) |
| 3:49 | Investigar | Loom |
| 3:54 | Crear | Villager (Male) |
| 4:26 | Crear | Villager (Male) |
| 4:26 | Crear | Villager (Male) |
| 5:31 | Crear | Villager (Male) |
| 5:32 | Crear | Villager (Male) |
| 5:32 | Crear | Villager (Male) |
| 6:06 | Construir | House |
| 6:29 | Crear | Villager (Male) |
| 7:12 | Crear | Villager (Male) |
| 7:15 | Construir | Mill |
| 7:41 | Crear | Villager (Male) |
| 7:41 | Crear | Villager (Male) |
| 8:13 | Crear | Villager (Male) |
| 8:13 | Crear | Villager (Male) |
| 8:15 | Construir | House |
| 8:26 | Investigar | Feudal Age |
| 8:38 | Construir | Mining Camp |
| 9:16 | Construir | Palisade Wall |
| 9:37 | Construir | Farm |
| 9:40 | Construir | Farm |
| 10:12 | Construir | Barracks |
| 10:34 | Crear | Villager (Male) |
| 10:35 | Crear | Villager (Male) |
| 10:35 | Crear | Villager (Male) |
| 10:41 | Edad | Edad Feudal |
| 10:45 | Construir | Farm |
| 10:47 | Investigar | Horse Collar |
| 10:51 | Investigar | Double-Bit Axe |
| 11:09 | Construir | Blacksmith |
| 11:19 | Construir | Mining Camp |
| 11:27 | Construir | Farm |
| 11:44 | Crear | Villager (Male) |
| 11:44 | Crear | Villager (Male) |
| 11:49 | Investigar | Man-at-Arms (upgrade) |
| 11:59 | Construir | House |
| 12:24 | Crear | Militia |
| 12:27 | Crear | Villager (Male) |
| 12:39 | Construir | Barracks |
| 13:11 | Crear | Militia |
| 13:13 | Crear | Villager (Male) |
| 13:13 | Crear | Villager (Male) |
| 13:27 | Construir | Lumber Camp |
| 13:30 | Construir | Farm |
| 13:39 | Crear | Villager (Male) |
| 13:39 | Crear | Villager (Male) |
| 13:44 | Construir | Farm |
| 13:52 | Construir | Farm |
| 14:05 | Crear | Militia |
| 14:21 | Construir | House |
| 14:22 | Construir | House |
| 14:36 | Construir | House |
| 14:37 | Construir | House |
| 14:37 | Construir | House |
| 14:58 | Investigar | Arson |
| 15:01 | Investigar | Scale Mail Armor |
| 15:06 | Crear | Militia |
| 15:22 | Crear | Villager (Male) |
| 15:43 | Crear | Villager (Male) |
| 15:43 | Crear | Villager (Male) |
| 15:52 | Construir | Farm |
| 15:59 | Construir | Farm |
| 16:02 | Construir | Farm |
| 16:06 | Construir | Farm |
| 16:09 | Construir | Farm |
| 16:15 | Crear | Villager (Male) |
| 16:23 | Crear | Militia |
| 16:23 | Crear | Militia |
| 16:46 | Crear | Villager (Male) |
| 17:02 | Crear | Militia ×2 |
| 17:57 | Crear | Villager (Male) |
| 17:58 | Crear | Villager (Male) |
| 17:58 | Crear | Villager (Male) |
| 17:58 | Crear | Villager (Male) |
| 17:58 | Crear | Villager (Male) |
| 18:03 | Construir | Farm |
| 18:06 | Construir | Farm |
| 18:26 | Crear | Militia ×2 |
| 18:28 | Crear | Militia |
| 18:59 | Crear | Militia ×3 |
| 19:09 | Construir | Farm |
| 19:14 | Construir | Farm |
| 19:17 | Construir | Farm |
| 19:28 | Construir | Market |
| 19:37 | Crear | Militia ×4 |
| 19:37 | Crear | Militia ×4 |
| 20:11 | Construir | House |
| 20:13 | Construir | House |
| 20:14 | Construir | House |
| 20:15 | Construir | House |
| 20:16 | Construir | House |
| 20:17 | Construir | House |
| 20:45 | Crear | Militia ×5 |
| 21:26 | Crear | Militia ×5 |
| 21:53 | Crear | Villager (Male) |
| 21:53 | Crear | Villager (Male) |
| 21:53 | Crear | Villager (Male) |
| 21:53 | Crear | Villager (Male) |
| 22:02 | Construir | Farm |
| 22:05 | Construir | Farm |
| 22:10 | Construir | Farm |
| 22:16 | Construir | House |
| 22:17 | Construir | House |
| 22:17 | Construir | House |
| 22:46 | Crear | Militia ×5 |
| 22:46 | Crear | Militia ×5 |
| 23:41 | Crear | Militia ×5 |
| 23:42 | Crear | Militia ×5 |
| 25:13 | Construir | Barracks |
| 25:14 | Construir | Barracks |
| 25:16 | Construir | Barracks |
| 25:17 | Construir | Barracks |
| 25:57 | Investigar | Castle Age |
| 26:16 | Construir | Mining Camp |
| 26:26 | Construir | Farm |
| 26:38 | Investigar | Stone Mining |
| 26:39 | Investigar | Gold Mining |
| 26:49 | Investigar | Forging |
| 26:53 | Investigar | Fletching |
| 28:07 | Crear | Villager (Male) |
| 28:07 | Crear | Villager (Male) |
| 28:08 | Crear | Villager (Male) |
| 28:08 | Crear | Villager (Male) |
| 28:08 | Crear | Villager (Male) |
| 28:17 | Construir | Mining Camp |
| 28:21 | Investigar | Town Watch |
| 28:37 | Edad | Edad de los Castillos |
| 28:48 | Construir | Castle |
| 29:09 | Construir | Town Center |
| 29:25 | Investigar | Heavy Plow |
| 30:29 | Construir | University |
| 30:32 | Construir | Barracks |
| 30:33 | Construir | Barracks |
Build order — cas5530
Primeras 150 de 580 acciones detectadas
| 0:01 | Crear | Villager (Male) |
| 0:04 | Construir | House |
| 0:09 | Investigar | Loom |
| 0:09 | Crear | Villager (Male) |
| 0:09 | Crear | Villager (Male) |
| 0:10 | Crear | Villager (Male) |
| 0:38 | Construir | Palisade Wall |
| 2:42 | Construir | House |
| 2:52 | Crear | Villager (Male) |
| 3:28 | Construir | Palisade Wall |
| 3:29 | Construir | Palisade Wall |
| 3:31 | Construir | Palisade Wall |
| 3:33 | Construir | Palisade Wall |
| 3:34 | Construir | Palisade Wall |
| 3:38 | Crear | Villager (Male) |
| 4:02 | Construir | Palisade Wall |
| 4:04 | Crear | Villager (Male) |
| 4:14 | Crear | Villager (Male) |
| 4:32 | Crear | Villager (Male) |
| 4:51 | Construir | House |
| 4:54 | Crear | Villager (Male) |
| 5:27 | Construir | Palisade Wall |
| 5:35 | Construir | Palisade Wall |
| 5:38 | Construir | Palisade Wall |
| 5:53 | Construir | Mill |
| 6:18 | Crear | Villager (Male) |
| 6:27 | Crear | Villager (Male) |
| 6:45 | Crear | Villager (Male) |
| 7:14 | Construir | Lumber Camp |
| 7:18 | Crear | Villager (Male) |
| 7:33 | Construir | House |
| 7:34 | Construir | House |
| 7:36 | Construir | House |
| 7:40 | Construir | House |
| 7:54 | Crear | Villager (Male) |
| 8:19 | Crear | Villager (Male) |
| 8:52 | Crear | Villager (Male) |
| 9:57 | Investigar | Feudal Age |
| 10:17 | Construir | Barracks |
| 11:08 | Crear | Villager (Male) |
| 11:44 | Crear | Villager (Male) |
| 11:45 | Crear | Villager (Male) |
| 12:07 | Edad | Edad Feudal |
| 13:14 | Crear | Villager (Male) |
| 13:25 | Investigar | Wheelbarrow |
| 13:25 | Crear | Villager (Male) |
| 13:37 | Crear | Spearman |
| 13:41 | Construir | Farm |
| 14:03 | Crear | Villager (Male) |
| 14:07 | Construir | Farm |
| 14:21 | Crear | Villager (Male) |
| 14:42 | Crear | Villager (Male) |
| 15:00 | Investigar | Double-Bit Axe |
| 15:36 | Crear | Villager (Male) |
| 15:39 | Construir | Farm |
| 15:48 | Crear | Spearman |
| 15:55 | Construir | Farm |
| 15:58 | Crear | Spearman |
| 16:16 | Crear | Villager (Male) |
| 16:20 | Construir | Farm |
| 16:36 | Crear | Spearman |
| 16:37 | Crear | Spearman |
| 16:43 | Crear | Spearman |
| 16:48 | Construir | Farm |
| 17:13 | Crear | Villager (Male) |
| 17:15 | Construir | Farm |
| 17:38 | Crear | Spearman |
| 17:38 | Crear | Spearman |
| 17:41 | Crear | Villager (Male) |
| 17:43 | Construir | Farm |
| 17:54 | Construir | Mining Camp |
| 18:03 | Construir | House |
| 18:04 | Construir | House |
| 18:05 | Construir | House |
| 18:23 | Construir | Mining Camp |
| 18:25 | Crear | Villager (Male) |
| 18:50 | Crear | Spearman |
| 18:56 | Crear | Villager (Male) |
| 18:59 | Crear | Spearman |
| 19:09 | Construir | Market |
| 19:24 | Construir | Blacksmith |
| 19:34 | Construir | Farm |
| 19:37 | Crear | Villager (Male) |
| 20:04 | Crear | Villager (Male) |
| 20:07 | Crear | Spearman |
| 20:07 | Crear | Spearman |
| 20:19 | Construir | Archery Range |
| 20:23 | Crear | Villager (Male) |
| 20:41 | Construir | Farm |
| 20:48 | Investigar | Castle Age |
| 20:50 | Crear | Villager (Male) |
| 20:55 | Construir | Farm |
| 20:55 | Construir | Farm |
| 21:40 | Crear | Spearman |
| 21:40 | Crear | Spearman |
| 21:47 | Investigar | Scale Barding Armor |
| 22:04 | Construir | Stable |
| 22:05 | Construir | Stable |
| 22:12 | Crear | Villager (Male) |
| 22:41 | Investigar | Gold Mining |
| 22:41 | Investigar | Stone Mining |
| 23:38 | Edad | Edad de los Castillos |
| 23:42 | Construir | Town Center |
| 23:43 | Construir | Town Center |
| 23:50 | Construir | Town Center |
| 23:53 | Crear | Villager (Male) |
| 24:01 | Crear | Knight |
| 24:01 | Crear | Knight |
| 24:01 | Crear | Knight |
| 24:02 | Crear | Knight |
| 24:02 | Crear | Knight |
| 24:11 | Investigar | Padded Archer Armor |
| 24:12 | Investigar | Fletching |
| 24:13 | Investigar | Scale Mail Armor |
| 24:21 | Construir | House |
| 24:21 | Construir | House |
| 24:22 | Construir | House |
| 24:25 | Crear | Villager (Male) |
| 25:18 | Investigar | Pikeman (upgrade) |
| 25:19 | Investigar | Squires |
| 25:34 | Crear | Skirmisher |
| 25:35 | Crear | Skirmisher |
| 25:35 | Crear | Skirmisher |
| 26:18 | Crear | Villager (Male) |
| 26:18 | Crear | Villager (Male) |
| 26:19 | Crear | Villager (Male) |
| 27:06 | Crear | Knight |
| 27:07 | Crear | Knight |
| 27:07 | Crear | Knight |
| 27:07 | Crear | Knight |
| 27:07 | Crear | Knight |
| 27:09 | Crear | Spearman |
| 27:10 | Crear | Spearman |
| 27:12 | Crear | Skirmisher |
| 27:12 | Crear | Skirmisher |
| 27:20 | Construir | Farm |
| 27:23 | Construir | Farm |
| 27:26 | Construir | House |
| 27:30 | Crear | Villager (Male) |
| 28:11 | Crear | Villager (Male) |
| 28:12 | Crear | Villager (Male) |
| 28:13 | Crear | Villager (Male) |
| 28:14 | Crear | Villager (Male) |
| 28:15 | Crear | Villager (Male) |
| 28:27 | Construir | Farm |
| 28:27 | Construir | Farm |
| 28:27 | Construir | Farm |
| 28:28 | Construir | Farm |
| 28:28 | Construir | Farm |
| 28:28 | Construir | Farm |
Build order — rwith786
Primeras 150 de 290 acciones detectadas
| 0:11 | Construir | House |
| 0:12 | Construir | House |
| 0:16 | Crear | Villager (Male) |
| 0:17 | Investigar | Loom |
| 0:19 | Crear | Villager (Male) ×3 |
| 2:07 | Crear | Villager (Male) |
| 2:33 | Crear | Villager (Male) |
| 2:33 | Crear | Villager (Male) |
| 2:57 | Crear | Villager (Male) |
| 3:18 | Crear | Villager (Male) |
| 3:55 | Construir | Mill |
| 4:11 | Construir | House |
| 4:12 | Construir | House |
| 4:19 | Crear | Villager (Male) |
| 4:19 | Crear | Villager (Male) |
| 4:20 | Crear | Villager (Male) |
| 4:20 | Crear | Villager (Male) |
| 5:37 | Crear | Villager (Male) |
| 5:37 | Crear | Villager (Male) |
| 5:37 | Crear | Villager (Male) |
| 5:37 | Crear | Villager (Male) |
| 5:38 | Crear | Villager (Male) |
| 6:28 | Crear | Villager (Male) |
| 6:29 | Crear | Villager (Male) |
| 7:28 | Construir | Lumber Camp |
| 7:33 | Crear | Villager (Male) |
| 7:33 | Crear | Villager (Male) |
| 7:34 | Crear | Villager (Male) |
| 8:33 | Construir | House |
| 8:36 | Construir | House |
| 8:39 | Construir | House |
| 8:43 | Crear | Villager (Male) |
| 8:44 | Crear | Villager (Male) |
| 9:46 | Construir | Palisade Wall |
| 9:49 | Construir | Palisade Wall |
| 10:04 | Investigar | Feudal Age |
| 10:27 | Construir | Mining Camp |
| 11:10 | Crear | Villager (Male) ×4 |
| 11:10 | Crear | Villager (Male) ×4 |
| 12:04 | Construir | Palisade Wall |
| 12:14 | Crear | Villager (Male) ×3 |
| 12:14 | Crear | Villager (Male) ×3 |
| 12:14 | Edad | Edad Feudal |
| 12:14 | Crear | Villager (Male) ×3 |
| 12:29 | Construir | Blacksmith |
| 12:51 | Construir | Farm |
| 12:53 | Construir | Farm |
| 12:54 | Construir | Farm |
| 12:56 | Construir | Farm |
| 12:57 | Construir | Farm |
| 13:00 | Construir | Farm |
| 13:23 | Construir | Watch Tower |
| 14:47 | Construir | Siege Workshop |
| 15:14 | Crear | Villager (Male) ×5 |
| 15:14 | Crear | Villager (Male) ×5 |
| 15:39 | Crear | Battering Ram |
| 15:39 | Crear | Battering Ram |
| 16:00 | Crear | Villager (Male) ×2 |
| 16:01 | Crear | Villager (Male) ×2 |
| 16:16 | Crear | Battering Ram |
| 16:16 | Crear | Battering Ram |
| 16:51 | Crear | Battering Ram |
| 17:24 | Crear | Battering Ram |
| 17:24 | Crear | Battering Ram |
| 17:25 | Crear | Battering Ram |
| 17:41 | Crear | Battering Ram |
| 17:41 | Crear | Battering Ram |
| 17:53 | Construir | House |
| 17:54 | Construir | House |
| 17:55 | Construir | House |
| 17:56 | Construir | House |
| 18:45 | Crear | Battering Ram |
| 18:45 | Crear | Battering Ram |
| 18:49 | Crear | Battering Ram |
| 18:49 | Crear | Battering Ram |
| 18:55 | Crear | Villager (Male) |
| 18:56 | Crear | Villager (Male) |
| 18:56 | Crear | Villager (Male) |
| 18:56 | Crear | Villager (Male) |
| 18:57 | Crear | Villager (Male) |
| 18:57 | Crear | Villager (Male) |
| 18:57 | Crear | Villager (Male) |
| 18:58 | Crear | Villager (Male) |
| 19:09 | Construir | House |
| 19:11 | Construir | House |
| 19:12 | Construir | House |
| 19:13 | Construir | House |
| 19:14 | Construir | House |
| 19:15 | Construir | House |
| 19:17 | Construir | House |
| 20:10 | Crear | Battering Ram |
| 20:11 | Crear | Battering Ram |
| 20:49 | Construir | Siege Workshop |
| 20:56 | Crear | Villager (Male) ×4 |
| 20:56 | Crear | Villager (Male) ×4 |
| 22:35 | Crear | Battering Ram ×5 |
| 23:16 | Crear | Battering Ram |
| 23:16 | Crear | Battering Ram |
| 23:26 | Crear | Battering Ram |
| 23:26 | Crear | Battering Ram |
| 23:38 | Construir | House |
| 23:39 | Construir | House |
| 23:41 | Construir | House |
| 23:42 | Construir | House |
| 23:44 | Construir | House |
| 23:45 | Construir | House |
| 23:46 | Construir | House |
| 23:56 | Crear | Villager (Male) ×5 |
| 23:56 | Crear | Villager (Male) ×5 |
| 23:57 | Crear | Villager (Male) ×5 |
| 23:57 | Crear | Villager (Male) |
| 26:00 | Construir | Mining Camp |
| 27:02 | Construir | Town Center |
| 27:26 | Crear | Battering Ram ×5 |
| 27:26 | Crear | Battering Ram ×5 |
| 27:27 | Crear | Battering Ram ×5 |
| 27:27 | Crear | Battering Ram ×2 |
| 27:56 | Construir | Barracks |
| 28:05 | Crear | Villager (Male) ×5 |
| 28:05 | Crear | Villager (Male) ×5 |
| 28:05 | Crear | Villager (Male) ×4 |
| 28:06 | Crear | Villager (Male) ×4 |
| 28:59 | Investigar | Double-Bit Axe |
| 29:13 | Construir | Farm |
| 29:15 | Construir | Farm |
| 29:17 | Construir | Farm |
| 29:18 | Construir | Farm |
| 29:20 | Construir | Farm |
| 29:23 | Construir | Farm |
| 29:24 | Construir | Farm |
| 29:27 | Construir | Farm |
| 29:31 | Construir | Farm |
| 29:35 | Construir | Farm |
| 29:37 | Construir | Farm |
| 29:55 | Crear | Villager (Male) |
| 30:05 | Construir | Stable |
| 30:15 | Crear | Battering Ram |
| 30:15 | Crear | Battering Ram |
| 30:30 | Investigar | Gold Mining |
| 30:54 | Investigar | Wheelbarrow |
| 31:27 | Construir | Stable |
| 31:31 | Construir | Stable |
| 31:52 | Crear | Villager (Male) ×5 |
| 32:10 | Construir | House |
| 32:11 | Construir | House |
| 32:12 | Construir | House |
| 32:14 | Construir | House |
| 32:15 | Construir | House |
| 32:17 | Construir | House |
| 32:18 | Construir | House |
Build order — WARLORD ID1
Primeras 150 de 603 acciones detectadas
| 0:02 | Investigar | Loom |
| 0:02 | Investigar | Loom |
| 0:02 | Crear | Villager (Male) |
| 0:02 | Crear | Villager (Male) |
| 0:03 | Crear | Villager (Male) |
| 0:03 | Crear | Villager (Male) |
| 0:03 | Crear | Villager (Male) |
| 0:15 | Construir | Palisade Wall |
| 1:11 | Construir | House |
| 1:41 | Construir | House |
| 1:50 | Construir | House |
| 1:55 | Construir | House |
| 1:58 | Construir | House |
| 2:09 | Construir | House |
| 2:46 | Construir | Palisade Wall |
| 2:58 | Crear | Villager (Male) |
| 3:34 | Construir | Palisade Wall |
| 4:03 | Crear | Villager (Male) |
| 4:33 | Crear | Villager (Male) |
| 4:58 | Crear | Villager (Male) |
| 5:20 | Crear | Villager (Male) |
| 5:35 | Crear | Villager (Male) |
| 5:53 | Crear | Villager (Male) |
| 6:11 | Crear | Villager (Male) |
| 6:25 | Crear | Villager (Male) |
| 6:44 | Construir | Lumber Camp |
| 6:54 | Crear | Villager (Male) |
| 6:55 | Crear | Villager (Male) |
| 7:33 | Crear | Villager (Male) |
| 7:34 | Crear | Villager (Male) |
| 7:43 | Crear | Villager (Male) |
| 8:15 | Crear | Villager (Male) |
| 8:40 | Construir | Mill |
| 8:56 | Crear | Villager (Male) |
| 9:57 | Crear | Villager (Male) |
| 10:16 | Crear | Villager (Male) |
| 10:56 | Investigar | Feudal Age |
| 11:07 | Construir | Mill |
| 12:20 | Crear | Villager (Male) |
| 12:20 | Crear | Villager (Male) |
| 12:21 | Crear | Villager (Male) |
| 12:21 | Crear | Villager (Male) |
| 12:21 | Crear | Villager (Male) |
| 12:22 | Crear | Villager (Male) |
| 12:49 | Construir | Mining Camp |
| 12:56 | Construir | House |
| 12:58 | Construir | House |
| 13:00 | Construir | House |
| 13:02 | Construir | House |
| 13:11 | Investigar | Double-Bit Axe |
| 13:14 | Investigar | Gold Mining |
| 13:24 | Construir | Farm |
| 15:05 | Construir | Market |
| 15:33 | Construir | House |
| 15:34 | Construir | House |
| 15:36 | Construir | House |
| 15:37 | Construir | House |
| 15:40 | Crear | Villager (Male) |
| 15:41 | Crear | Villager (Male) |
| 16:00 | Construir | Blacksmith |
| 16:41 | Investigar | Castle Age |
| 16:57 | Construir | Stone Wall |
| 17:08 | Construir | Barracks |
| 17:29 | Construir | Stone Wall |
| 18:13 | Construir | House |
| 18:14 | Construir | House |
| 18:28 | Construir | House |
| 18:32 | Construir | House |
| 18:55 | Construir | Archery Range |
| 19:00 | Construir | Watch Tower |
| 19:52 | Crear | Archer |
| 19:52 | Crear | Archer |
| 20:11 | Construir | Archery Range |
| 20:32 | Construir | House |
| 20:35 | Construir | House |
| 21:04 | Crear | Archer |
| 21:05 | Crear | Archer |
| 23:50 | Construir | Town Center |
| 26:58 | Crear | Villager (Male) |
| 26:59 | Crear | Villager (Male) |
| 26:59 | Crear | Villager (Male) |
| 26:59 | Crear | Villager (Male) |
| 26:59 | Crear | Villager (Male) |
| 27:00 | Crear | Villager (Male) |
| 27:00 | Crear | Villager (Male) |
| 28:14 | Construir | Farm |
| 28:21 | Crear | Villager (Male) |
| 28:44 | Crear | Villager (Male) |
| 29:04 | Construir | Farm |
| 29:21 | Crear | Villager (Male) |
| 29:35 | Construir | Mining Camp |
| 29:43 | Construir | Farm |
| 29:43 | Construir | Farm |
| 29:43 | Construir | Farm |
| 29:43 | Construir | Farm |
| 29:43 | Construir | Farm |
| 29:43 | Construir | Farm |
| 29:43 | Construir | Farm |
| 29:43 | Construir | Farm |
| 29:43 | Construir | Farm |
| 29:43 | Construir | Farm |
| 29:43 | Construir | Farm |
| 29:43 | Construir | Farm |
| 29:43 | Construir | Farm |
| 29:43 | Construir | Farm |
| 29:43 | Construir | Farm |
| 29:43 | Construir | Farm |
| 29:49 | Crear | Villager (Male) |
| 29:54 | Construir | Farm |
| 29:54 | Construir | Farm |
| 29:54 | Construir | Farm |
| 30:36 | Crear | Villager (Male) |
| 30:44 | Construir | Farm |
| 30:44 | Construir | Farm |
| 30:44 | Construir | Farm |
| 31:09 | Construir | Farm |
| 31:12 | Construir | Mill |
| 31:28 | Construir | House |
| 31:31 | Construir | House |
| 31:38 | Construir | House |
| 31:41 | Construir | House |
| 31:42 | Construir | House |
| 31:49 | Crear | Villager (Male) |
| 31:50 | Crear | Villager (Male) |
| 31:50 | Crear | Villager (Male) |
| 32:12 | Crear | Villager (Male) |
| 32:40 | Construir | Farm |
| 32:40 | Construir | Farm |
| 32:49 | Crear | Villager (Male) |
| 33:03 | Construir | Mill |
| 33:10 | Crear | Villager (Male) |
| 33:30 | Construir | Farm |
| 33:40 | Construir | Lumber Camp |
| 33:46 | Crear | Villager (Male) |
| 33:48 | Crear | Villager (Male) |
| 34:20 | Construir | Farm |
| 34:23 | Crear | Villager (Male) |
| 34:48 | Construir | House |
| 34:49 | Construir | House |
| 34:50 | Construir | House |
| 34:51 | Construir | House |
| 34:59 | Construir | House |
| 35:01 | Construir | House |
| 35:03 | Construir | House |
| 35:05 | Construir | House |
| 35:14 | Crear | Villager (Male) |
| 35:14 | Crear | Villager (Male) |
| 35:45 | Investigar | Horse Collar |
| 35:50 | Investigar | Bow Saw |
| 36:04 | Construir | Farm |
Build order — westinfeltz
Primeras 150 de 230 acciones detectadas
| 0:09 | Construir | House |
| 0:14 | Construir | House |
| 0:24 | Crear | Villager (Male) |
| 0:24 | Crear | Villager (Male) |
| 0:25 | Crear | Villager (Male) |
| 0:25 | Crear | Villager (Male) |
| 0:25 | Crear | Villager (Male) |
| 2:06 | Crear | Villager (Male) |
| 2:25 | Construir | Lumber Camp |
| 2:52 | Crear | Villager (Male) |
| 2:52 | Crear | Villager (Male) |
| 2:52 | Crear | Villager (Male) |
| 3:43 | Crear | Villager (Male) ×2 |
| 4:08 | Crear | Villager (Male) |
| 4:08 | Crear | Villager (Male) |
| 5:17 | Crear | Villager (Male) ×2 |
| 5:18 | Crear | Villager (Male) ×2 |
| 5:50 | Construir | Mill |
| 6:01 | Construir | House |
| 6:06 | Construir | House |
| 6:08 | Construir | House |
| 6:09 | Construir | House |
| 6:11 | Construir | House |
| 6:13 | Construir | House |
| 6:50 | Crear | Villager (Male) ×5 |
| 6:50 | Crear | Villager (Male) ×5 |
| 6:50 | Crear | Villager (Male) |
| 8:32 | Construir | Farm |
| 8:35 | Construir | Farm |
| 8:36 | Construir | Farm |
| 8:57 | Crear | Villager (Male) ×2 |
| 8:57 | Crear | Villager (Male) ×2 |
| 9:05 | Construir | House |
| 9:08 | Construir | House |
| 9:50 | Crear | Villager (Male) ×5 |
| 9:50 | Crear | Villager (Male) ×5 |
| 10:22 | Construir | Farm |
| 10:24 | Construir | Farm |
| 10:32 | Construir | Farm |
| 11:06 | Investigar | Feudal Age |
| 11:48 | Construir | Mining Camp |
| 12:24 | Crear | Villager (Male) ×5 |
| 13:16 | Edad | Edad Feudal |
| 13:22 | Investigar | Wheelbarrow |
| 13:23 | Crear | Villager (Male) ×5 |
| 13:31 | Investigar | Double-Bit Axe |
| 13:34 | Investigar | Horse Collar |
| 13:44 | Investigar | Gold Mining |
| 13:54 | Investigar | Stone Mining |
| 14:11 | Crear | Villager (Male) |
| 14:38 | Construir | Farm |
| 14:41 | Construir | Farm |
| 14:42 | Construir | Farm |
| 14:45 | Construir | Farm |
| 14:46 | Construir | Farm |
| 14:53 | Construir | Farm |
| 14:56 | Construir | Farm |
| 14:58 | Construir | Farm |
| 15:00 | Construir | Farm |
| 15:02 | Construir | Farm |
| 15:04 | Construir | Farm |
| 15:06 | Construir | Farm |
| 15:08 | Construir | Farm |
| 15:12 | Crear | Villager (Male) ×4 |
| 15:12 | Crear | Villager (Male) ×4 |
| 15:13 | Crear | Villager (Male) |
| 16:02 | Crear | Villager (Male) ×3 |
| 16:41 | Construir | Blacksmith |
| 17:01 | Construir | Market |
| 17:26 | Crear | Villager (Male) ×5 |
| 17:26 | Crear | Villager (Male) ×5 |
| 18:21 | Crear | Villager (Male) ×5 |
| 19:01 | Construir | Farm |
| 19:05 | Construir | Farm |
| 19:07 | Construir | Farm |
| 19:11 | Construir | Farm |
| 19:13 | Construir | Farm |
| 19:15 | Construir | Farm |
| 19:16 | Construir | Farm |
| 20:06 | Investigar | Castle Age |
| 20:10 | Crear | Villager (Male) |
| 20:10 | Crear | Villager (Male) |
| 21:39 | Construir | Mining Camp |
| 22:52 | Edad | Edad de los Castillos |
| 23:06 | Investigar | Hand Cart |
| 23:13 | Investigar | Stone Shaft Mining |
| 23:19 | Investigar | Heavy Plow |
| 23:24 | Crear | Villager (Male) ×5 |
| 23:26 | Crear | Villager (Male) ×5 |
| 24:36 | Crear | Villager (Male) ×5 |
| 24:36 | Crear | Villager (Male) ×5 |
| 24:36 | Crear | Villager (Male) ×2 |
| 25:25 | Construir | Barracks |
| 25:57 | Construir | Monastery |
| 26:06 | Construir | University |
| 27:41 | Crear | Villager (Male) |
| 27:42 | Crear | Villager (Male) ×5 |
| 27:42 | Crear | Villager (Male) ×5 |
| 27:59 | Construir | Stable |
| 28:01 | Construir | Stable |
| 28:03 | Construir | Stable |
| 28:06 | Construir | Stable |
| 28:28 | Construir | House |
| 28:30 | Construir | House |
| 28:32 | Construir | House |
| 28:33 | Construir | House |
| 28:36 | Construir | House |
| 28:38 | Construir | House |
| 28:40 | Construir | House |
| 28:43 | Construir | House |
| 28:45 | Construir | House |
| 28:46 | Construir | House |
| 29:26 | Construir | Farm |
| 29:35 | Construir | Farm |
| 29:39 | Crear | Villager (Male) ×3 |
| 29:39 | Crear | Villager (Male) ×3 |
| 29:54 | Investigar | Bloodlines |
| 29:55 | Investigar | Husbandry |
| 31:27 | Construir | Mining Camp |
| 31:34 | Investigar | Imperial Age |
| 31:40 | Crear | Villager (Male) ×5 |
| 31:40 | Crear | Villager (Male) ×5 |
| 31:40 | Crear | Villager (Male) ×4 |
| 31:41 | Crear | Villager (Male) ×4 |
| 32:50 | Construir | House |
| 32:52 | Construir | House |
| 32:54 | Construir | House |
| 32:55 | Construir | House |
| 32:58 | Construir | House |
| 33:00 | Construir | House |
| 33:03 | Construir | House |
| 33:04 | Construir | House |
| 33:06 | Construir | House |
| 33:09 | Construir | House |
| 33:11 | Construir | House |
| 33:12 | Construir | House |
| 33:52 | Construir | Castle |
| 34:33 | Investigar | Light Cavalry (upgrade) |
| 34:35 | Crear | Scout Cavalry ×5 |
| 34:35 | Crear | Scout Cavalry ×5 |
| 34:47 | Edad | Edad Imperial |
| 35:04 | Construir | Farm |
| 35:05 | Construir | Farm |
| 35:07 | Construir | Farm |
| 35:44 | Investigar | Chatras |
| 35:50 | Investigar | Hoardings |
| 35:51 | Investigar | Paper Money |
| 36:18 | Construir | Mining Camp |
| 36:35 | Crear | Villager (Male) ×5 |
| 36:35 | Crear | Villager (Male) ×5 |
Build order — 周秋實欠錢不還
Primeras 150 de 300 acciones detectadas
| 0:10 | Construir | House |
| 0:12 | Construir | House |
| 0:46 | Crear | Villager (Male) ×4 |
| 0:48 | Investigar | Loom |
| 2:15 | Crear | Villager (Male) |
| 2:41 | Construir | Palisade Wall |
| 3:27 | Construir | Palisade Wall |
| 4:02 | Crear | Villager (Male) |
| 4:02 | Crear | Villager (Male) |
| 4:02 | Crear | Villager (Male) |
| 4:30 | Construir | House |
| 4:41 | Crear | Villager (Male) |
| 4:43 | Crear | Villager (Male) |
| 5:08 | Construir | House |
| 5:27 | Crear | Villager (Male) |
| 6:13 | Crear | Villager (Male) |
| 6:15 | Crear | Villager (Male) |
| 6:28 | Construir | Dock |
| 6:37 | Crear | Villager (Male) |
| 6:48 | Crear | Villager (Male) |
| 7:40 | Crear | Villager (Male) |
| 8:03 | Crear | Villager (Male) |
| 8:09 | Crear | Fishing Ship |
| 8:22 | Crear | Villager (Male) |
| 8:39 | Construir | Lumber Camp |
| 9:00 | Crear | Villager (Male) |
| 9:59 | Construir | Mill |
| 10:14 | Crear | Villager (Male) |
| 10:14 | Crear | Villager (Male) |
| 10:32 | Construir | Mining Camp |
| 10:42 | Crear | Villager (Male) |
| 11:14 | Construir | House |
| 11:25 | Construir | House |
| 11:31 | Investigar | Feudal Age |
| 12:03 | Crear | Fishing Ship |
| 12:23 | Construir | Mining Camp |
| 12:48 | Crear | Fishing Ship |
| 13:41 | Edad | Edad Feudal |
| 13:51 | Crear | Villager (Male) |
| 14:08 | Construir | Market |
| 14:28 | Crear | Villager (Male) |
| 14:30 | Crear | Villager (Male) |
| 14:42 | Investigar | Double-Bit Axe |
| 15:06 | Construir | Blacksmith |
| 15:26 | Crear | Villager (Male) |
| 15:26 | Crear | Villager (Male) |
| 15:31 | Crear | Fishing Ship |
| 16:03 | Construir | House |
| 16:09 | Construir | House |
| 16:33 | Construir | Fish Trap |
| 16:36 | Construir | Fish Trap |
| 17:13 | Investigar | Castle Age |
| 17:33 | Construir | Fish Trap |
| 17:42 | Construir | Fish Trap |
| 17:53 | Construir | Barracks |
| 19:24 | Construir | Stone Wall |
| 19:34 | Construir | Stable |
| 19:53 | Edad | Edad de los Castillos |
| 19:56 | Construir | Monastery |
| 20:19 | Construir | Town Center |
| 20:47 | Crear | Monk |
| 20:48 | Crear | Monk |
| 20:58 | Investigar | Wheelbarrow |
| 21:22 | Crear | Fishing Ship |
| 21:22 | Crear | Fishing Ship |
| 21:23 | Investigar | Tech 906 |
| 21:47 | Construir | Farm |
| 21:47 | Construir | Farm |
| 21:48 | Construir | Farm |
| 21:49 | Construir | Farm |
| 21:51 | Construir | Farm |
| 22:14 | Crear | Villager (Male) ×2 |
| 22:33 | Construir | Castle |
| 22:42 | Construir | Farm |
| 23:10 | Construir | Fish Trap |
| 23:17 | Construir | Fish Trap |
| 23:22 | Crear | Villager (Male) |
| 23:25 | Investigar | Horse Collar |
| 23:34 | Construir | Farm |
| 24:29 | Crear | Villager (Male) |
| 24:29 | Crear | Villager (Male) |
| 24:47 | Construir | Farm |
| 24:48 | Construir | Farm |
| 24:49 | Construir | Farm |
| 24:52 | Crear | Villager (Male) ×4 |
| 25:05 | Construir | Farm |
| 25:06 | Construir | Farm |
| 25:06 | Construir | Farm |
| 25:07 | Construir | Farm |
| 25:14 | Crear | Villager (Male) |
| 25:47 | Construir | Siege Workshop |
| 25:59 | Crear | Villager (Male) |
| 26:00 | Crear | Villager (Male) |
| 26:01 | Crear | Villager (Male) |
| 26:15 | Crear | Villager (Male) |
| 26:18 | Crear | Villager (Male) |
| 26:18 | Crear | Villager (Male) |
| 26:27 | Construir | Farm |
| 26:27 | Construir | Farm |
| 26:29 | Construir | Farm |
| 26:30 | Construir | Farm |
| 27:08 | Construir | Stable |
| 27:10 | Construir | Stable |
| 27:23 | Crear | Villager (Male) |
| 27:24 | Crear | Villager (Male) |
| 27:32 | Crear | Villager (Male) ×5 |
| 27:43 | Construir | Mining Camp |
| 27:57 | Construir | Farm |
| 27:57 | Construir | Farm |
| 27:58 | Construir | Farm |
| 28:10 | Crear | Villager (Male) |
| 28:37 | Construir | House |
| 28:39 | Construir | House |
| 28:40 | Construir | House |
| 28:42 | Construir | House |
| 28:43 | Construir | House |
| 28:46 | Construir | House |
| 28:47 | Construir | House |
| 28:48 | Construir | House |
| 28:50 | Construir | House |
| 28:52 | Construir | House |
| 28:54 | Construir | House |
| 29:12 | Investigar | Bow Saw |
| 29:24 | Investigar | Imperial Age |
| 29:30 | Crear | Villager (Male) ×5 |
| 29:42 | Construir | Lumber Camp |
| 30:12 | Construir | Krepost |
| 30:22 | Construir | Krepost |
| 30:26 | Construir | Krepost |
| 30:29 | Investigar | Light Cavalry (upgrade) |
| 30:30 | Investigar | Bloodlines |
| 30:32 | Investigar | Husbandry |
| 31:04 | Investigar | Gold Mining |
| 31:07 | Investigar | Stone Mining |
| 31:14 | Investigar | Heavy Plow |
| 31:22 | Crear | Konnik |
| 31:23 | Crear | Konnik |
| 31:25 | Crear | Konnik |
| 31:28 | Crear | Konnik |
| 31:48 | Crear | Villager (Male) |
| 31:49 | Crear | Villager (Male) |
| 31:50 | Crear | Villager (Male) |
| 32:15 | Crear | Konnik |
| 32:20 | Investigar | Forging |
| 32:21 | Investigar | Scale Mail Armor |
| 32:22 | Investigar | Scale Barding Armor |
| 32:34 | Edad | Edad Imperial |
| 32:49 | Investigar | Conscription |
| 32:52 | Crear | Konnik |
| 32:52 | Crear | Konnik |
Build order — Pedroalves87
Primeras 150 de 633 acciones detectadas
| 0:02 | Crear | Villager (Male) |
| 0:02 | Crear | Villager (Male) |
| 0:03 | Crear | Villager (Male) |
| 0:03 | Crear | Villager (Male) |
| 0:05 | Construir | House |
| 0:06 | Construir | House |
| 1:27 | Crear | Villager (Male) |
| 1:28 | Crear | Villager (Male) |
| 2:03 | Crear | Villager (Male) |
| 2:03 | Crear | Villager (Male) |
| 2:15 | Crear | Villager (Male) |
| 2:39 | Construir | House |
| 2:40 | Construir | House |
| 2:47 | Crear | Villager (Male) |
| 2:47 | Crear | Villager (Male) |
| 2:47 | Crear | Villager (Male) |
| 2:58 | Crear | Villager (Male) |
| 2:59 | Crear | Villager (Male) |
| 2:59 | Crear | Villager (Male) |
| 3:29 | Crear | Villager (Male) |
| 3:30 | Crear | Villager (Male) |
| 3:30 | Crear | Villager (Male) |
| 3:39 | Crear | Villager (Male) |
| 3:39 | Crear | Villager (Male) |
| 3:39 | Crear | Villager (Male) |
| 4:19 | Construir | Mill |
| 4:20 | Crear | Villager (Male) |
| 4:21 | Crear | Villager (Male) |
| 4:21 | Crear | Villager (Male) |
| 4:52 | Crear | Villager (Male) |
| 4:58 | Crear | Villager (Male) |
| 4:58 | Crear | Villager (Male) |
| 5:30 | Crear | Villager (Male) |
| 5:30 | Crear | Villager (Male) |
| 5:30 | Crear | Villager (Male) |
| 6:07 | Construir | Mill |
| 6:11 | Crear | Villager (Male) |
| 6:12 | Crear | Villager (Male) |
| 6:13 | Crear | Villager (Male) |
| 6:15 | Crear | Villager (Male) |
| 6:26 | Construir | House |
| 6:59 | Crear | Villager (Male) |
| 6:59 | Crear | Villager (Male) |
| 7:04 | Construir | House |
| 7:18 | Crear | Villager (Male) |
| 7:18 | Crear | Villager (Male) |
| 8:17 | Crear | Villager (Male) |
| 8:17 | Crear | Villager (Male) |
| 8:17 | Crear | Villager (Male) |
| 8:17 | Crear | Villager (Male) |
| 8:18 | Crear | Villager (Male) |
| 8:18 | Crear | Villager (Male) |
| 8:18 | Crear | Villager (Male) |
| 9:25 | Construir | Lumber Camp |
| 9:43 | Construir | Mining Camp |
| 10:11 | Investigar | Feudal Age |
| 13:05 | Investigar | Wheelbarrow |
| 13:09 | Investigar | Double-Bit Axe |
| 13:20 | Construir | Blacksmith |
| 13:23 | Construir | Market |
| 13:31 | Investigar | Horse Collar |
| 14:05 | Construir | Mining Camp |
| 14:16 | Investigar | Castle Age |
| 15:37 | Construir | House |
| 15:38 | Construir | House |
| 15:43 | Construir | House |
| 15:45 | Construir | House |
| 17:02 | Investigar | Hand Cart |
| 17:06 | Investigar | Bow Saw |
| 17:24 | Construir | Town Center |
| 17:33 | Construir | Town Center |
| 17:40 | Crear | Villager (Male) |
| 17:41 | Crear | Villager (Male) |
| 17:41 | Crear | Villager (Male) |
| 17:41 | Crear | Villager (Male) |
| 17:41 | Crear | Villager (Male) |
| 17:56 | Construir | Barracks |
| 18:24 | Construir | Siege Workshop |
| 19:09 | Crear | Mangonel |
| 19:09 | Crear | Mangonel |
| 19:18 | Crear | Scorpion |
| 19:18 | Crear | Scorpion |
| 19:44 | Construir | Farm |
| 19:45 | Construir | Farm |
| 19:52 | Construir | Farm |
| 20:22 | Construir | Castle |
| 21:07 | Crear | Scorpion |
| 21:07 | Crear | Scorpion |
| 21:07 | Crear | Scorpion |
| 21:38 | Construir | Archery Range |
| 21:40 | Construir | Archery Range |
| 21:43 | Crear | Villager (Male) |
| 21:43 | Crear | Villager (Male) |
| 21:44 | Crear | Villager (Male) |
| 22:00 | Construir | Mining Camp |
| 22:14 | Crear | Cavalry Archer |
| 22:14 | Crear | Cavalry Archer |
| 22:14 | Crear | Cavalry Archer |
| 22:14 | Crear | Cavalry Archer |
| 22:49 | Crear | Cavalry Archer |
| 22:50 | Crear | Cavalry Archer |
| 22:50 | Crear | Cavalry Archer |
| 22:50 | Crear | Cavalry Archer |
| 23:21 | Crear | Cavalry Archer |
| 23:21 | Crear | Cavalry Archer |
| 25:24 | Crear | Villager (Male) |
| 25:24 | Crear | Villager (Male) |
| 25:24 | Crear | Villager (Male) |
| 25:25 | Crear | Villager (Male) |
| 25:25 | Crear | Villager (Male) |
| 25:30 | Construir | Farm |
| 25:32 | Construir | Farm |
| 25:33 | Construir | Farm |
| 25:55 | Crear | Villager (Male) |
| 25:55 | Crear | Villager (Male) |
| 25:55 | Crear | Villager (Male) |
| 25:57 | Construir | Farm |
| 26:24 | Construir | Farm |
| 26:26 | Construir | Farm |
| 26:46 | Construir | Castle |
| 26:59 | Construir | Castle |
| 27:01 | Crear | Cavalry Archer |
| 27:01 | Crear | Cavalry Archer |
| 27:01 | Crear | Cavalry Archer |
| 27:02 | Crear | Cavalry Archer |
| 27:15 | Construir | Stable |
| 27:33 | Investigar | Fletching |
| 27:54 | Crear | Villager (Male) |
| 27:54 | Crear | Villager (Male) |
| 27:55 | Crear | Villager (Male) |
| 27:55 | Crear | Villager (Male) |
| 28:02 | Construir | Farm |
| 28:04 | Construir | Farm |
| 28:05 | Construir | Farm |
| 28:07 | Crear | Villager (Male) |
| 28:07 | Crear | Villager (Male) |
| 28:07 | Crear | Villager (Male) |
| 28:10 | Crear | Villager (Male) |
| 28:10 | Crear | Villager (Male) |
| 28:10 | Crear | Villager (Male) |
| 28:13 | Construir | Farm |
| 28:22 | Construir | Farm |
| 28:25 | Crear | Villager (Male) |
| 28:25 | Crear | Villager (Male) |
| 28:30 | Crear | Villager (Male) |
| 28:30 | Crear | Villager (Male) |
| 28:30 | Crear | Villager (Male) |
| 28:54 | Crear | Knight |
| 28:54 | Crear | Knight |
| 29:05 | Crear | Villager (Male) |
Cronología de la partida
| 0:15 | WARLORD ID1 · wall_segment Palisade Wall x19 |
| 0:38 | cas5530 · wall_segment Palisade Wall x12 |
| 2:41 | 周秋實欠錢不還 · wall_segment Palisade Wall x10 |
| 2:46 | WARLORD ID1 · wall_segment Palisade Wall x1 |
| 3:27 | 周秋實欠錢不還 · wall_segment Palisade Wall x7 |
| 3:28 | cas5530 · wall_segment Palisade Wall x1 |
| 3:29 | cas5530 · wall_segment Palisade Wall x1 |
| 3:31 | cas5530 · wall_segment Palisade Wall x1 |
| 3:33 | cas5530 · wall_segment Palisade Wall x3 |
| 3:34 | cas5530 · wall_segment Palisade Wall x4 |
| 3:34 | WARLORD ID1 · wall_segment Palisade Wall x1 |
| 4:02 | cas5530 · wall_segment Palisade Wall x1 |
| 5:27 | cas5530 · wall_segment Palisade Wall x1 |
| 5:35 | cas5530 · wall_segment Palisade Wall x1 |
| 5:38 | cas5530 · wall_segment Palisade Wall x1 |
| 6:26 | bctowle · wall_segment Palisade Wall x8 |
| 6:28 | 周秋實欠錢不還 · first_building Dock |
| 6:38 | bctowle · wall_segment Palisade Wall x7 |
| 6:49 | bctowle · wall_segment Palisade Wall x9 |
| 9:16 | vinnokiller · wall_segment Palisade Wall x12 |
| 9:20 | bctowle · first_building Barracks |
| 9:46 | rwith786 · wall_segment Palisade Wall x5 |
| 9:49 | rwith786 · wall_segment Palisade Wall x8 |
| 10:12 | vinnokiller · first_building Barracks |
| 10:17 | cas5530 · first_building Barracks |
| 10:41 | vinnokiller · age_up feudal |
| 12:04 | rwith786 · wall_segment Palisade Wall x1 |
| 12:07 | cas5530 · age_up feudal |
| 12:14 | rwith786 · age_up feudal |
| 13:16 | westinfeltz · age_up feudal |
| 13:41 | 周秋實欠錢不還 · age_up feudal |
| 13:45 | bctowle · age_up feudal |
| 14:47 | rwith786 · first_building Siege Workshop |
| 15:55 | 周秋實欠錢不還 · first_market_buy 100 food |
| 16:37 | WARLORD ID1 · first_market_buy 100 food |
| 16:55 | Pedroalves87 · first_market_buy 100 food |
| 16:57 | WARLORD ID1 · wall_segment Stone Wall x14 |
| 17:08 | WARLORD ID1 · first_building Barracks |
| 17:29 | WARLORD ID1 · wall_segment Stone Wall x14 |
| 17:53 | 周秋實欠錢不還 · first_building Barracks |
| 17:56 | Pedroalves87 · first_building Barracks |
| 18:24 | Pedroalves87 · first_building Siege Workshop |
| 18:55 | WARLORD ID1 · first_building Archery Range |
| 18:59 | bctowle · first_building Stable |
| 19:24 | 周秋實欠錢不還 · wall_segment Stone Wall x13 |
| 19:34 | 周秋實欠錢不還 · first_building Stable |
| 19:53 | 周秋實欠錢不還 · age_up castle |
| 19:56 | 周秋實欠錢不還 · first_building Monastery |
| 20:19 | cas5530 · first_building Archery Range |
| 20:22 | Pedroalves87 · first_building Castle |
| 21:38 | Pedroalves87 · first_building Archery Range |
| 22:04 | cas5530 · first_building Stable |
| 22:12 | westinfeltz · tribute_sent a jugador 1 |
| 22:12 | westinfeltz · tribute_sent a jugador 2 |
| 22:12 | westinfeltz · tribute_sent a jugador 3 |
| 22:12 | westinfeltz · tribute_sent a jugador 4 |
| 22:12 | westinfeltz · tribute_sent a jugador 6 |
| 22:12 | westinfeltz · tribute_sent a jugador 7 |
| 22:12 | westinfeltz · tribute_sent a jugador 8 |
| 22:33 | 周秋實欠錢不還 · first_building Castle |
| 22:52 | westinfeltz · age_up castle |
| 23:38 | cas5530 · age_up castle |
| 24:29 | bctowle · age_up castle |
| 25:25 | westinfeltz · first_building Barracks |
| 25:28 | bctowle · first_building Castle |
| 25:47 | 周秋實欠錢不還 · first_building Siege Workshop |
| 25:57 | westinfeltz · first_building Monastery |
| 26:57 | westinfeltz · tribute_sent a jugador 1 |
| 26:57 | westinfeltz · tribute_sent a jugador 2 |
| 26:57 | westinfeltz · tribute_sent a jugador 3 |
| 26:57 | westinfeltz · tribute_sent a jugador 4 |
| 26:57 | westinfeltz · tribute_sent a jugador 6 |
| 26:57 | westinfeltz · tribute_sent a jugador 7 |
| 26:57 | westinfeltz · tribute_sent a jugador 8 |
| 27:15 | Pedroalves87 · first_building Stable |
| 27:56 | rwith786 · first_building Barracks |
| 27:59 | westinfeltz · first_building Stable |
| 28:15 | bctowle · wall_segment Stone Wall x7 |
| 28:23 | bctowle · wall_segment Stone Wall x7 |
| 28:31 | bctowle · wall_segment Stone Wall x9 |
| 28:37 | vinnokiller · age_up castle |
| 28:48 | vinnokiller · first_building Castle |
| 29:25 | cas5530 · first_building Castle |
| 30:05 | rwith786 · first_building Stable |
| 30:12 | 周秋實欠錢不還 · first_building Krepost |
| 30:35 | bctowle · wall_segment Stone Wall x1 |
| 30:59 | cas5530 · first_building Monastery |
| 32:24 | westinfeltz · tribute_sent a jugador 1 |
| 32:24 | westinfeltz · tribute_sent a jugador 2 |
| 32:24 | westinfeltz · tribute_sent a jugador 3 |
| 32:24 | westinfeltz · tribute_sent a jugador 4 |
| 32:24 | westinfeltz · tribute_sent a jugador 6 |
| 32:24 | westinfeltz · tribute_sent a jugador 7 |
| 32:24 | westinfeltz · tribute_sent a jugador 8 |
| 32:33 | vinnokiller · first_building Archery Range |
| 32:34 | 周秋實欠錢不還 · age_up imperial |
| 33:03 | bctowle · wall_segment Stone Wall x9 |
| 33:52 | westinfeltz · first_building Castle |
| 34:47 | westinfeltz · age_up imperial |
| 35:09 | vinnokiller · first_building Monastery |
| 35:17 | bctowle · wall_segment Stone Wall x9 |
| 35:38 | bctowle · age_up imperial |
| 36:41 | cas5530 · wall_segment Stone Wall x7 |
| 37:06 | westinfeltz · first_building Siege Workshop |
| 37:10 | bctowle · first_building Monastery |
| 37:12 | cas5530 · first_market_sell 100 food |
| 38:02 | rwith786 · age_up castle |
| 38:37 | vinnokiller · age_up imperial |
| 39:49 | westinfeltz · tribute_sent a jugador 1 |
| 39:49 | westinfeltz · tribute_sent a jugador 2 |
| 39:49 | westinfeltz · tribute_sent a jugador 3 |
| 39:49 | westinfeltz · tribute_sent a jugador 4 |
| 39:49 | westinfeltz · tribute_sent a jugador 6 |
| 39:49 | westinfeltz · tribute_sent a jugador 7 |
| 39:49 | westinfeltz · tribute_sent a jugador 8 |
| 40:26 | cas5530 · age_up imperial |
| 40:30 | WARLORD ID1 · first_building Castle |
| 42:27 | WARLORD ID1 · first_building Stable |
| 45:18 | Pedroalves87 · first_market_sell 100 wood |
| 51:52 | bctowle · wall_segment Stone Wall x14 |
| 53:53 | WARLORD ID1 · first_market_sell 100 wood |
| 53:59 | rwith786 · first_building Castle |
| 58:08 | vinnokiller · first_market_buy 100 food |
| 60:16 | bctowle · wall_segment Stone Wall x3 |
| 60:54 | vinnokiller · first_building Stable |
| 61:09 | rwith786 · resign |
[ ANÁLISIS IA · 1 CRÉDITO ]
¿Qué pasó realmente en esta partida?
Wolo.gg analiza cada decisión: build order, eco, micro, errores típicos por bracket. Análisis personalizado por WhatsApp o Discord en 30 segundos.
Guía civ
Francos
Perfil
Jugador #24927598